 Dungeon Crawl Stone Soup version 0.30.0-29-ga12c61a403 (webtiles) character file.

Game seed: 7614353982294245155

2 thromnambular the Grave Robber (level 1, -1/15 HPs)
             Began as a Ghoul Necromancer on June 8, 2023.
             Slain by a ball python (2 damage)
             ... on level 1 of the Dungeon.
             The game lasted 00:00:32 (282 turns).

thromnambular the Grave Robber (Ghoul Necromancer)   Turns: 282, Time: 00:00:32

Health: -1/15      AC:  2    Str: 11    XL:     1   Next: 40%
Magic:  1/2        EV: 12    Int: 10    God:
Gold:   34         SH:  0    Dex:  9    Spells: 2/3 levels left

rFire   . . .        (no weapon)
rCold   + . .        (no shield)
rNeg    + + +        a - +0 robe
rPois   ∞            (no helmet)
rElec   .            (no cloak)
rCorr   .            (no gloves)
SInv    .            (no boots)
Will    .....        (no amulet)
Stlth   ++           (no ring)
HPRegen 0.00/turn    (no ring)
MPRegen 0.08/turn

%: no passive effects
@: inhibited regen
A: claws 1, cold resistance 1, negative energy resistance 3, inhibited
regeneration, torment resistance 2, devour on kill
a: no special abilities


You were on level 1 of the Dungeon.
You visited 1 branch of the dungeon, and saw 1 of its levels.

You collected 34 gold pieces.

Inventory:

Armour
 a - a +0 robe (worn)
Potions
 b - a potion of magic


   Skills:
 + Level 0.4 Fighting
 - Level 1.7 Dodging
 - Level 2.1 Stealth
 + Level 0.4 Unarmed Combat
 - Level 1.7 Spellcasting
 - Level 4.0 Necromancy


You had 2 spell levels left.
You knew the following spells:

 Your Spells              Type           Power      Damage    Failure   Level
a - Necrotise             Necr           32%        1d5       6%          1

Your spell library contained the following spells:

 Spells                   Type           Power      Damage    Failure   Level
 Vampiric Draining        Necr           8%         2d6       19%         3
 Animate Dead             Necr           8%         N/A       52%         4
 Agony                    Necr           8%         N/A       86%         5


Dungeon Overview and Level Annotations

Branches:
Dungeon (1/15)

Altars:


Innate Abilities, Weirdness & Mutations

You are immune to poison.
You have sharp fingernails.
Your flesh is cold resistant. (rC+)
You are immune to negative energy. (rN+++)
You do not regenerate when monsters are visible.
You are immune to unholy pain and torment.
You thrive by killing the living.


Message History

The ball python barely misses you. The endoplasm closely misses you.
The ball python barely misses you. The ball python constricts you.
You barely miss the ball python.
The ball python is moderately wounded.
The ball python closely misses you. The endoplasm freezes you.
You are frozen.
You resist. The ball python barely misses you. The ball python constricts you.
You barely miss the ball python.
The ball python is moderately wounded.
The ball python bites you but does no damage.
The ball python bites you. The ball python constricts you.
The endoplasm completely misses you.
The ball python bites you but does no damage.
You scratch the ball python.
The ball python is heavily wounded.
The ball python barely misses you. The ball python constricts you.
The endoplasm hits you.
* * * LOW HITPOINT WARNING * * *
The ball python bites you.
* * * LOW HITPOINT WARNING * * *
Okay, then.
Casting: Necrotise (safe; 6% risk of failure)
Confirm with . or Enter, or press ? or * to list all spells.
Aiming: Necrotise (safe; 6% risk of failure)
Press: ? - help, Shift-Dir - straight line, f - ball python
Aim: a ball python (heavily wounded, constricting you, chance to affect: 75%)
The ball python writhes in agony.
You kill the ball python!
You feel better.
The dead are slithering!
The endoplasm freezes you.
You are frozen.
You resist.
* * * LOW HITPOINT WARNING * * *
The ball python bites you.
* * * LOW HITPOINT WARNING * * *
The ball python grabs you. The ball python constricts you.
You escape the ball python's grasp.
The ball python attacks as you move away!
The ball python bites you.
You die...

..... ..#.# # ### #.#.#
.# ##..##...##.##
#......#...... #......#
# ##.....#.# ###
##JS..#$# #####.. #.
#@#....# ###......
#..|###.##.#####......##
........Z..# #....#'##.
..#####.#### #..###..#.
#.# ##'##...#. #.#
#...#...#. ### #.#
#...#...#. ..# #.#
#≈≈≈#≈≈≈#≈ #.# #.#
###≈≈≈#≈≈≈#≈


You could see an endoplasm (ally target), a ball python and a friendly ball
python skeleton.

Vanquished Creatures
  A ball python (D:1)
  2 rats (D:1)
3 creatures vanquished.

Notes
Turn   | Place    | Note
-------+----------+-------------------------------------------
     0 | D:1      | thromnambular the Ghoul Necromancer began the quest for the
                  | Orb.
     0 | D:1      | Reached XP level 1. HP: 14/14 MP: 2/2
   282 | D:1      | Slain by a ball python

Illustrated notes

Levels and vault maps discovered:
D:1:      dpeg_arrival_water_fire, layout_loops_corners, minmay_cupped

Action                     || total
---------------------------++-------
  Melee: Unarmed           ||     8
   Cast: Necrotise         ||     1
   Stab: Sleeping          ||     1
 Armour: Robe              ||     4
  Dodge: Dodged            ||    11
